AoeStats
← [KMNB] Bandeira

Arabia

507723705Analyzed
3v3 RM · 14d ago on Sep 19, 2026· 40m 44s· 6 players
Game mode
Random Map
Map size
Normal (6 player)
Population
200
Speed
Normal
Resources
Standard
Victory
Conquest
Starting age
Dark Age
Ending age
Imperial Age
RankedLock teamsTeams togetherTeam positionsShared explorationLock speedFull tech treeHidden civsTurbo modeCheats
Victory
Defeat
1638
+12
1618
+12
1599
+13
🇧🇷 Ethiopians · Brazil
1633
-15
🇧🇷 Magyars · Brazil
1543
-13
🇧🇷 Britons · Brazil
1445
-9
[KMNB] Bandeira
5:37 Loom
9:19 Feudal Age
9:51 Double-Bit Axe
15:34 Scale Barding Armor
20:50 Wheelbarrow
20:44 Bloodlines
24:27 Castle Age
22:59 Gold Mining
26:47 Husbandry
26:26 Light Cavalry
30:29 Bow Saw
34:47 Horse Collar
39:53 Hand Cart
43:26 Imperial Age
Fs.Khronos
2:16 Loom
9:37 Feudal Age
10:06 Double-Bit Axe
11:47 Fletching
23:57 Castle Age
23:49 Gold Mining
23:40 Horse Collar
24:00 Crossbowman
24:35 Bodkin Arrow
24:52 Bow Saw
25:20 Wheelbarrow
25:16 Padded Archer Armor
31:24 Ballistics
36:20 Thumb Ring
37:21 Leather Archer Armor
[KMNB] Dedão
6:18 Loom
9:15 Feudal Age
10:08 Double-Bit Axe
13:14 Fletching
26:12 Castle Age
24:56 Padded Archer Armor
25:03 Gold Mining
25:03 Horse Collar
26:16 Crossbowman
26:53 Bodkin Arrow
29:01 Ballistics
29:15 Bow Saw
30:03 Wheelbarrow
35:47 Leather Archer Armor
37:22 Stone Mining
38:20 Scale Barding Armor
38:44 Forging
38:40 Heavy Plow
38:43 Light Cavalry
40:33 Town Watch
41:13 Husbandry
[韓粉戰隊] 台北庶民
6:38 Loom
8:49 Feudal Age
9:19 Double-Bit Axe
12:36 Fletching
25:27 Castle Age
23:48 Gold Mining
25:09 Padded Archer Armor
25:34 Horse Collar
25:31 Crossbowman
26:24 Bodkin Arrow
28:55 Wheelbarrow
29:36 Elite Skirmisher
32:10 Leather Archer Armor
35:49 Ballistics
41:22 Thumb Ring
[韓粉戰隊] 鋼鐵韓粉
6:50 Loom
9:38 Feudal Age
13:23 Fletching
25:44 Castle Age
23:39 Horse Collar
24:05 Double-Bit Axe
24:50 Gold Mining
25:35 Padded Archer Armor
25:46 Crossbowman
26:22 Bodkin Arrow
27:51 Ballistics
28:55 Bow Saw
31:13 Wheelbarrow
31:24 Leather Archer Armor
34:38 Town Watch
35:09 Hand Cart
39:36 Imperial Age
39:55 Gold Shaft Mining
39:11 Stone Mining
40:19 Bracer
39:41 Arbalester
41:30 Chemistry
41:45 Ring Archer Armor
[韓粉戰隊] 跟著月亮走
6:47 Loom
9:35 Feudal Age
10:24 Double-Bit Axe
17:58 Wheelbarrow
18:52 Scale Barding Armor
23:01 Castle Age
21:36 Forging
22:26 Bloodlines
22:27 Gold Mining
23:10 Light Cavalry
23:50 Husbandry
24:13 Chain Barding Armor
27:58 Iron Casting
29:34 Bow Saw
29:10 Horse Collar
36:56 Stone Mining
39:51 Imperial Age
Connection lost

Rejoining the realm…

Still unreachable

The connection could not be restored.

Session expired

The server has moved on; the page needs a fresh start.